 Dungeon Crawl Stone Soup version 0.30-a0-341-g682706514a (webtiles) character file.

Game seed: 17681290264704650034

571241 Lobster4 the Merry Minotaur (level 25, -7/207 HPs)
             Began as a Minotaur Hunter on Nov 1, 2022.
             Was the Champion of Hepliaklqana.
             Mangled by a death cob (15 damage)
             ... on level 2 of the Realm of Zot on Nov 2, 2022.
             The game lasted 05:55:09 (68614 turns).

Lobster4 the Merry Minotaur (Minotaur Hunter)      Turns: 68614, Time: 05:55:09

Health: -7/207     AC: 21    Str: 17 (18) XL:     25   Next: 64%
Magic:  34/36      EV: 24    Int: 15      God:    Hepliaklqana [******]
Gold:   6065       SH:  5    Dex: 30      Spells: 32/44 levels left

rFire   + + +      SeeInvis .    b - +7 Singing Sword {vorpal, sonic wave}
rCold   + . .      Faith    .    (no shield)
rNeg    + + +      Spirit   .    s - +4 ring mail of Juhuoh {Int+8 Dex+3 Stlth-}
rPois   +          Reflect  +    f - -2 hat of the Alchemist {rElec rPois rF+ rC+ rN+ Will+ rMut rCorr}
rElec   +          Harm     .    Z - +2 cloak {Stlth+}
rCorr   +          Rampage  .    O - +2 pair of gloves
rMut    +                        y - +2 pair of boots of Summertime {rF+ Will+}
Will    ++++.                    r - amulet of Lies {Reflect rF+ rN+++ SH+5}
Stlth   +++.......               V - ring of Rizyrar {rN+ rCorr}
HPRegen 0.54/turn                g - ring "Dank" {Fly rPois rN+ Str+2}
MPRegen 0.25/turn

@: swift, about to teleport, flying, slowed, studying 4 skills, slow
A: reduced essence, horns 2, retaliatory headbutt, agile 1, strong-willed 1
}: 3/15 runes: barnacled, slimy, gossamer
a: Renounce Religion, Recall Ancestor, Ancestor Identity, Transference, Idealise


You were on level 2 of the Realm of Zot.
You worshipped Hepliaklqana.
Hepliaklqana was exalted by your worship.
You visited 12 branches of the dungeon, and saw 52 of its levels.
You visited 1 bazaar.

You collected 8774 gold pieces.
You spent 2709 gold pieces at shops.

Inventory:

Hand Weapons
 a - the +9 shortbow of the Immovable Deaths {freeze, rF+ Dex+4 Stlth-}
   (You bought it in a shop on level 2 of the Orcish Mines)

   Any ammunition fired from it freezes those it strikes, dealing additional
   cold damage.
   It can also slow down cold-blooded creatures.
   Dex:       It affects your dexterity (+4).
   rF:        It protects you from fire.
   Stlth:     It makes you less stealthy.
 b - the +7 Singing Sword (weapon) {vorpal, sonic wave}
   (You found it on level 5 of the Lair of Beasts)

   It inflicts extra damage upon your enemies.
   It radiates damaging sonic waves as it strikes, especially in combat
   involving dangerous or numerous foes.
 G - the +7 war axe of Liseqetu {elec, rF- rN+++ Int-2 SInv}
   (You found it on level 15 of the Dungeon)

   It occasionally discharges a powerful burst of electricity upon striking a
   foe.
   Int:       It affects your intelligence (-2).
   rF:        It makes you vulnerable to fire.
   rN:        It renders you almost immune to negative energy.
   SInv:      It lets you see invisible.
 N - the +6 quarterstaff of Qazlal's Envy {antimagic, rPois Will+ Dex+2}
   (You bought it in a shop on level 2 of the Orcish Mines)

   It reduces the magical energy of the wielder, and disrupts the spells and
   magical abilities of those it strikes.
   Natural abilities and divine invocations are not affected.
   Dex:       It affects your dexterity (+2).
   rPois:     It protects you from poison.
   Will:      It increases your willpower.
Missiles
 v - 3 boomerangs of dispersal
 K - 5 curare-tipped darts
Armour
 f - the -2 hat of the Alchemist (worn) {rElec rPois rF+ rC+ rN+ Will+ rMut rCorr}
   (You found it on level 5 of the Pits of Slime)

   rF:        It protects you from fire.
   rC:        It protects you from cold.
   rElec:     It insulates you from electricity.
   rPois:     It protects you from poison.
   rN:        It protects you from negative energy.
   rCorr:     It protects you from acid and corrosion.
   rMut:      It protects you from mutation.
   Will:      It increases your willpower.
 s - the +4 ring mail of Juhuoh (worn) {Int+8 Dex+3 Stlth-}
   (You took it off a mummy priest on level 1 of the Tomb of the Ancients)

   Int:       It affects your intelligence (+8).
   Dex:       It affects your dexterity (+3).
   Stlth:     It makes you less stealthy.
 y - the +2 pair of boots of Summertime (worn) {rF+ Will+}
   (You found it on level 4 of the Spider Nest)

   rF:        It protects you from fire.
   Will:      It increases your willpower.
 D - the +9 scales of the Dragon King {rPois rF+ rC+ Will+}
   (You found it on level 5 of the Pits of Slime)

   rF:        It protects you from fire.
   rC:        It protects you from cold.
   rPois:     It protects you from poison.
   Will:      It increases your willpower.
 O - a +2 pair of gloves (worn)
 Z - a +2 cloak of stealth (worn)
Jewellery
 g - the ring "Dank" (right hand) {Fly rPois rN+ Str+2}
   (You found it on level 3 of the Crypt)

   [ring of positive energy]

   Str:       It affects your strength (+2).
   rPois:     It protects you from poison.
   rN:        It protects you from negative energy.
   Fly:       It grants you flight.
 r - the amulet of Lies (around neck) {Reflect rF+ rN+++ SH+5}
   (You bought it in a shop on level 2 of the Orcish Mines)

   [amulet of reflection]

   It reflects blocked missile attacks.
   rF:        It protects you from fire.
   rN:        It renders you almost immune to negative energy.
   SH:        It affects your SH (+5).
 u - a ring of protection from cold
 E - the ring of Iptil {rPois rCorr Dex+3 Slay-6 SInv}
   (You bought it in a shop on level 2 of the Orcish Mines)

   [ring of resist corrosion]

   Dex:       It affects your dexterity (+3).
   Slay:      It affects your accuracy & damage with ranged weapons and melee
   (-6).
   rPois:     It protects you from poison.
   SInv:      It lets you see invisible.
   rCorr:     It protects you from acid and corrosion.
 V - the ring of Rizyrar (left hand) {rN+ rCorr}
   (You found it on level 3 of the Crypt)

   [ring of positive energy]

   rN:        It protects you from negative energy.
   rCorr:     It protects you from acid and corrosion.
Wands
 d - a wand of iceblast (20)
 l - a wand of digging (19)
 o - a wand of acid (10)
 x - a wand of paralysis (9)
 H - a wand of mindburst (33)
Scrolls
 c - 12 scrolls of fear
 i - 15 scrolls of enchant armour
 j - a scroll of silence
 n - 19 scrolls of teleportation
 w - a scroll of summoning
 I - 13 scrolls of magic mapping
 J - a scroll of immolation
 M - 4 scrolls of poison
 P - 6 scrolls of fog
Potions
 e - 2 potions of lignification
 h - 3 potions of invisibility
 k - 11 potions of brilliance
 p - 6 potions of might
 q - 10 potions of cancellation
 A - 13 potions of curing
 B - 9 potions of magic
 Q - 11 potions of ambrosia
 R - 2 potions of resistance
 T - a potion of haste
Miscellaneous
 t - a condenser vane
 C - a phantom mirror
 F - a lightning rod (4/4)
 L - a box of beasts
 U - a tin of tremorstones (2/2)


   Skills:
 + Level 19.9 Fighting
 + Level 24.5 Long Blades
 - Level 8.0 Axes
 - Level 14.5 Staves
 O Level 27 Ranged Weapons
 - Level 1.0 Throwing
 + Level 14.5 Armour
 - Level 13.0 Dodging
 + Level 4.7 Stealth
 - Level 10.0 Spellcasting
 + Level 2.5 Hexes
 - Level 10.0 Translocations
 - Level 12.0 Air Magic
 - Level 10.0 Invocations
 - Level 11.0 Evocations


You had 32 spell levels left.
You knew the following spells:

 Your Spells              Type           Power      Damage    Failure   Level
a - Apportation           Tloc           74%        N/A       1%          1
b - Swiftness             Air            43%        N/A       1%          3
c - Teleport Other        Tloc           37%        N/A       1%          3
d - Blink                 Tloc           74%        N/A       1%          2
e - Portal Projectile     Hex/Tloc       52%        N/A       3%          3

Your spell library contained the following spells:

 Spells                   Type           Power      Damage    Failure   Level
 Shock                    Conj/Air       100%       1d9       1%          1
 Poisonous Vapours        Pois/Air       50%        N/A       1%          2
 Static Discharge         Conj/Air       50%        2-5/arc   1%          2
 Gell's Gravitas          Tloc           37%        N/A       1%          3
 Lesser Beckoning         Tloc           74%        N/A       1%          3
 Vhi's Electric Charge    Tloc/Air       80%        N/A       1%          3
 Airstrike                Air            21%        2d(4-20)  1%          4
 Momentum Strike          Conj/Tloc      44%        3d9       2%          2
 Passage of Golubria      Tloc           37%        N/A       2%          4
 Cigotuvi's Dreadful Rot  Necr/Pois/Air  38%        N/A       4%          2
 Slow                     Hex            60%        N/A       5%          1
 Mephitic Cloud           Conj/Pois/Air  19%        N/A       9%          3
 Summon Lightning Spire   Summ/Air       25%        N/A       12%         4
 Ensorcelled Hibernation  Hex/Ice        22%        N/A       13%         2
 Kiss of Death            Conj/Necr      28%        2d7       14%         1
 Magic Dart               Conj           28%        1d4       14%         1
 Necrotise                Necr           28%        1d5       14%         1
 Sandblast                Erth           14%        2d6       14%         1
 Sting                    Tmut/Pois      28%        1d4       14%         1
 Summon Small Mammal      Summ           28%        N/A       14%         1
 Confusing Touch          Hex            15%        N/A       16%         3
 Silence                  Hex/Air        14%        N/A       21%         5
 Call Imp                 Summ           7%         N/A       22%         2
 Passwall                 Tmut/Erth      5%         N/A       22%         2
 Scorch                   Fire           14%        2d6       22%         2
 Searing Ray              Conj           14%        2d5       22%         2
 Sublimation of Blood     Necr           7%         N/A       22%         2
 Dazzling Flash           Conj/Hex       22%        N/A       26%         3
 Inner Flame              Hex/Fire       11%        N/A       26%         3
 Summon Guardian Golem    Hex/Summ       11%        N/A       26%         3
 Arcjolt                  Conj/Air       12%        1d22      34%         5
 Lightning Bolt           Conj/Air       12%        1d26      34%         5
 Frozen Ramparts          Ice            14%        1d3       41%         3
 Ignite Poison            Fire/Tmut/Pois 7%         N/A       41%         3
 Ozocubu's Armour         Ice            7%         N/A       41%         3
 Spider Form              Tmut/Pois      7%         N/A       41%         3
 Stone Arrow              Conj/Erth      14%        3d7       41%         3
 Vampiric Draining        Necr           7%         2d6       41%         3
 Cause Fear               Hex            7%         N/A       45%         4
 Anguish                  Hex/Necr       5%         N/A       65%         4
 Fulminant Prism          Conj/Hex       5%         3d7       65%         4
 Animate Dead             Necr           7%         N/A       82%         4
 Dispel Undead            Necr           7%         3d8       82%         4
 Flame Wave               Conj/Fire      7%         2d5       82%         4
 Ice Form                 Ice/Tmut       7%         N/A       82%         4
 Olgreb's Toxic Radiance  Pois           7%         N/A       82%         4
 Petrify                  Tmut/Erth      7%         N/A       82%         4
 Sticky Flame             Conj/Fire      7%         2d3       82%         4
 Summon Ice Beast         Ice/Summ       7%         N/A       82%         4
 Conjure Ball Lightning   Conj/Air       12%        3x3d7     88%         6
 Metabolic Englaciation   Hex/Ice        5%         N/A       94%         5
 Yara's Violent Unravell  Hex/Tmut       5%         3d4       94%         5
 Agony                    Necr           7%         N/A       99%         5
 Alistair's Intoxication  Tmut/Pois      4%         N/A       99%         5
 Borgnjor's Vile Clutch   Necr/Erth      3%         N/A       99%         5
 Irradiate                Conj/Tmut      3%         3d12      99%         5
 Iskenderun's Battlesphe  Conj           7%         2d6       99%         5
 Death Channel            Necr           3%         N/A       100%        6
 Iron Shot                Conj/Erth      3%         9d2       100%        6
 Statue Form              Tmut/Erth      4%         N/A       100%        6
 Summon Cactus Giant      Summ           3%         N/A       100%        6
 Enfeeble                 Hex            7%         N/A       100%        7
 Haunt                    Necr/Summ      3%         N/A       100%        7
 Orb of Destruction       Conj           3%         9d5       100%        7
 Ozocubu's Refrigeration  Ice            3%         4d8       100%        7
 Spellforged Servitor     Conj/Summ      3%         N/A       100%        7
 Storm Form               Tmut/Air       12%        N/A       100%        7
 Discord                  Hex            7%         N/A       100%        8
 Disjunction              Tloc           18%        N/A       100%        8
 Ignition                 Fire           3%         3d4       100%        8
 Infestation              Necr           3%         N/A       100%        8
 Lehudib's Crystal Spear  Conj/Erth      3%         10d3      100%        8
 Maxwell's Capacitive Co  Air            21%        ∞         100%        8
 Chain Lightning          Conj/Air       12%        3d16      100%        9
 Fire Storm               Conj/Fire      3%         8d1       100%        9
 Shatter                  Erth           3%         3d7*      100%        9


Dungeon Overview and Level Annotations

Branches:
Dungeon (15/15)            Temple (0/1) D:7            Lair (5/5) D:9
 Shoals (4/4) Lair:3       Spider (4/4) Lair:3        Slime (5/5) Lair:4
    Orc (2/2) D:10            Elf (3/3) Orc:2        Vaults (4/5) D:14
  Crypt (3/3) Vaults:3       Tomb (1/3) Crypt:3      Depths (4/4) D:15
    Zot (2/5) Depths:4

Altars:
Ashenzari
Cheibriados
Elyvilon
Fedhas
Hepliaklqana
Kikubaaqudgha
Nemelex Xobeh
Okawaru
Qazlal
Ru
Sif Muna
Trog
Uskayaw
Vehumet
Wu Jian
Xom
Zin
Jiyva

Shops:
D:7 ?*   Orc:2 *=([   Elf:1 *   Shoals:1 (   Shoals:4 ?   Vaults:2 =:=

Portals:
Hell: Depths:1 Depths:2 Depths:3 Depths:4
Abyss: Depths:3
Pandemonium: Depths:2 Depths:3 Depths:4
Ziggurat: Depths:2

Annotations:
D:2 1 runed translucent door, Crazy Yiuf
D:9 4 transporters


Innate Abilities, Weirdness & Mutations

Your life essence is reduced to manifest your ancestor. (-10% HP)
You have a pair of horns on your head.
You reflexively headbutt those who attack you in melee.
You are agile. (Dex +4, Str/Int -1)
You are strong-willed. (Will+)


Message History

The death cob completely misses you.
Things that are here:
a +2 cloak; a +0 rapier Blink to where?
Press: ? - help, Dir - move target
As you read the scroll of blinking, it crumbles to dust.
Casting: Portal Projectile (mildly dangerous; 3% risk of failure)
Confirm with . or Enter, or press ? or * to list all spells.
You feel quick.
A bolt of dispelling energy appears from out of your range of vision.
The bolt of dispelling energy hits Izel!!
Izel's magical effects unravel!
The death cob hits you!
* * * LOW HITPOINT WARNING * * *
The death cob drains your vigour!
You feel as though you will be slow longer.
Unknown command.
Okay, then.
Unknown command.
As you read the scroll of teleportation, it crumbles to dust.
You feel strangely unstable.
You feel the Orb delaying your translocation!
The death cob barely misses you. You furiously retaliate!
You headbutt the death cob, but do no damage.
The death cob closely misses you. You furiously retaliate!
You headbutt the death cob!
A fireball appears from out of your range of vision.
The fireball explodes!
The fireball engulfs Izel!!
Izel resists.
The death cob hits you but does no damage.
A bolt of fire appears from out of your range of vision.
The bolt of fire hits Izel!!
Izel resists.
Blink to where?
Press: ? - help, Dir - move target
As you read the scroll of blinking, it crumbles to dust.
Izel has departed this plane of existence.
As you read the scroll of summoning, it crumbles to dust.
Wisps of shadow whirl around you... The death cob hits you!
You die...

##....## ... ##......#
#.. ##.......# #..
##..=.....# #.#
##...#...### #.#
##...##...# #.#
##...##....### #.#
##...###.d.<..#
##.######.[.#..)@...d.#
...........##..zy.....#
....:......##.[.#q.d###
##...))(...#).)##.d.#
#.#...[.#....#....d#
#.#.....#...##.....#
##.######.)..##.....#
#...# ##.§...####...#
#...###......# #...#


You could see a death cob (ally target), a friendly yellow draconian (summoned),
a friendly green draconian (summoned), a friendly purple draconian (summoned), 2
friendly draconians, a friendly yellow draconian annihilator (summoned) and a
friendly moth of wrath (summoned).

Vanquished Creatures
  A dread lich (Crypt:3)
  An ancient lich (Depths:4)
  Sojobo (Depths:4)
  Saint Roka (Crypt:1)
  Margery (Vaults:4)
  3 golden dragons
  Nikola (Elf:1)
  the Enchantress (Depths:1)
  2 bone dragons (Depths:4)
  An electric golem (Zot:2)
  Rupert (Lair:5)
  5 tentacled monstrosities
  Zenata (Crypt:3)
  Jorgrun (Elf:1)
  Mlioglotl (Shoals:1)
  A walking crystal tome (Depths:2)
  A walking earthen tome (Depths:3)
  4 deep elf blademasters
  2 liches
  Asterion (Vaults:2)
  3 quicksilver dragons
  3 deep elf master archers (Elf:3)
  A titan (Depths:4)
  12 acid blobs
  5 sphinxes
  3 tengu reavers
  An ancient champion (Crypt:2)
  Agnes (Elf:1)
  2 shadow dragons
  Gastronok (D:10)
  Donald (Vaults:2)
  A draconian monk (Zot:1)
  2 revenants
  6 frost giants
  2 draconian knights
  8 rockslimes
  5 fire giants
  3 iron dragons
  6 azure jellies
  6 vault wardens
  3 deep elf sorcerers (Elf:3)
  A balrug (Depths:3)
  3 draconian scorchers
  3 emperor scorpions
  3 ghost moths
  4 deep elf elementalists (Elf:3)
  Louise (Spider:3)
  Aizul (Depths:1)
  2 draconian shifters (Zot:2)
  3 ironbound preservers
  3 draconian stormcallers (Zot:1)
  2 war gargoyles
  12 very ugly things
  A curse skull (Crypt:3)
  9 quicksilver oozes
  6 draconian annihilators
  3 orc warlords
  3 spriggan defenders (Depths:1)
  3 stone giants
  2 broodmothers
  2 green draconians
  5 black draconians
  7 ironbound thunderhulks
  3 deep elf demonologists
  6 deep elf annihilators
  6 vampire knights
  7 yellow draconians
  2 spark wasps
  4 dire elephants (Vaults:2)
  6 purple draconians
  5 white draconians
  2 red draconians
  3 merfolk javelineers (Shoals:4)
  2 eidola (Crypt:1)
  A mummy priest (Tomb:1)
  4 ettins
  4 deep elf death magi
  A crystal guardian (Vaults:2)
  A green death (Depths:4)
  5 merfolk impalers
  3 deep elf high priests (Depths:3)
  7 jiangshi
  Josephine (D:10)
  A spriggan zombie (Crypt:3)
  3 yaktaur captains
  2 hydras
  3 fire dragons
  An entropy weaver (D:14)
  2 ice dragons
  4 vault guards
  A great orb of eyes (shapeshifter) (Vaults:1)
  A peacekeeper (Vaults:2)
  6 great orbs of eyes
  2 radroaches
  2 rakshasas (Depths:3)
  A jorogumo (Spider:4)
  6 spriggan air magi
  2 death knights (Crypt:1)
  5 ironbound frosthearts
  2 catoblepae
  20 centaur warriors
  2 merfolk avatars
  14 dancing weapons
  3 merfolk aquamancers (Shoals:4)
  2 satyrs
  5 boulder beetles
  14 tengu warriors
  2 two-headed ogres
  8 deep troll shamans
  4 death yaks (Lair:5)
  6 spriggan berserkers
  5 deep troll earth magi
  10 death scarabs (Tomb:1)
  6 vampire magi
  3 hell hogs (Depths:3)
  An orc high priest (Orc:2)
  14 deep elf knights
  3 soul eaters (Depths:3)
  Sonja (Lair:3)
  Nergalle (Lair:2)
  10 hell knights
  5 iron trolls
  A sun moth (Spider:3)
  3 sun demons (Depths:3)
  14 skeletal warriors
  3 pharaoh ants (Spider:3)
  A sixfirhy (Depths:2)
  A shadow wraith (Crypt:3)
  A quicksilver dragon simulacrum (Depths:3)
  Lodul (D:10)
  2 glowing orange brains
  7 sea snakes
  A deep troll (shapeshifter) (Depths:2)
  5 orb spiders
  8 wizards
  29 deep trolls
  5 flayed ghosts
  2 bunyip skeletons (Crypt:3)
  11 phantasmal warriors
  5 steelbarb worms
  A golden dragon skeleton (Crypt:1)
  7 deep elf archers
  10 ironbound convokers
  8 orc knights
  19 deep elf pyromancers
  8 necromancers
  A lindwurm (Vaults:2)
  17 deep elf zephyrmancers
  4 orc sorcerers
  An oklob plant (D:13)
  16 harpies
  16 wolf spiders
  14 moths of wrath
  5 shining eyes
  34 ugly things
  9 fauns
  A shadow dragon skeleton (Crypt:1)
  A goliath frog skeleton (Crypt:2)
  17 manticores
  6 cyclopes
  8 elephants
  An ice statue (Depths:3)
  6 merfolk sirens
  4 water nymphs
  3 centaur skeletons (D:14)
  A titan simulacrum (Crypt:1)
  2 rust devils (Depths:4)
  12 vault sentinels
  A dire elephant zombie (Crypt:3)
  5 black mambas
  3 eyes of devastation
  A centaur zombie (Tomb:1)
  5 cane toads
  An orange demon (Depths:2)
  4 torpor snails
  7 fire giant skeletons (Crypt:3)
  4 gargoyles
  An efreet (D:15)
  2 rime drakes
  Psyche (D:11)
  A pale draconian zombie (Crypt:2)
  15 yaktaurs
  5 freezing wraiths
  2 ice devils
  4 tengu conjurers
  5 komodo dragons
  2 demonic crawlers
  8 guardian mummies (Tomb:1)
  A red devil (Depths:2)
  A yaktaur skeleton (Vaults:1)
  6 polar bears
  18 merfolk
  A meliai (shapeshifter) (D:15)
  2 tyrant leeches (Spider:3)
  5 trolls
  2 hornets (D:13)
  3 wind drakes
  3 meliai (D:15)
  21 tarantellas
  A harpy skeleton (Tomb:1)
  A dream sheep (shapeshifter) (Depths:4)
  49 slime creatures
  6 snapping turtles
  7 dream sheep (Lair:4)
  8 blink frogs
  A hydra skeleton (Crypt:1)
  36 jumping spiders
  An ettin zombie (Crypt:2)
  20 culicivoras
  8 wraiths
  7 flying skulls
  A centaur simulacrum (D:14)
  A spriggan (Depths:1)
  2 wyverns
  A guardian serpent skeleton (Crypt:2)
  3 fire dragon skeletons (Crypt:3)
  11 yaks
  A shadow (D:12)
  3 hogs (Spider:2)
  7 ushabtiu (Tomb:1)
  2 vampires
  An ice dragon skeleton (Crypt:2)
  33 redbacks
  4 fire bats (Depths:2)
  8 water elementals
  7 golden eyes
  A basilisk (Lair:3)
  A steam dragon (D:6)
  11 vampire mosquitoes
  A glowing shapeshifter zombie (Crypt:2)
  7 water moccasins
  A warg (Crypt:1)
  An acid dragon (D:11)
  A floating eye (Depths:4)
  2 sky beasts
  2 black bears (D:5)
  4 ice beasts
  An ettin simulacrum (Depths:3)
  41 orc warriors
  13 ogres
  9 wolves
  19 centaurs
  A phantom (D:4)
  A yaktaur zombie (Crypt:1)
  2 kobold brigands
  Blork the orc (D:4)
  7 bullfrogs
  An earth elemental (Elf:3)
  A gnoll sergeant (D:7)
  3 necrophages
  6 scorpions (Lair:3)
  15 wights
  24 killer bees
  An oklob sapling (D:13)
  3 electric eels
  4 howler monkeys
  A wolf zombie (Crypt:1)
  3 hounds
  2 gnoll boudas
  26 orc priests
  11 jellies
  An iguana (D:7)
  A boggart zombie (Crypt:2)
  33 orc wizards
  A polar bear simulacrum (Lair:2)
  A wolf simulacrum (Lair:2)
  3 yak simulacra (Lair:2)
  20 mummies (Tomb:1)
  13 adders
  17 gnolls
  A steam dragon skeleton (Crypt:2)
  A swamp drake skeleton (Crypt:2)
  3 white imps
  2 ufetubi
  A jelly zombie (Crypt:1)
  6 worms
  5 dart slugs
  105 orcs
  5 bats
  8 endoplasms
  5 giant cockroaches
  8 goblins
  3 hobgoblins
  9 jackals
  5 quokkas
  15 ball pythons
  A frilled lizard (D:1)
  13 kobolds
  5 rats
  A river rat simulacrum (Lair:2)
1663 creatures vanquished.

Vanquished Creatures (collateral kills)
  the Royal Jelly (Slime:5)
  A dread lich (Crypt:3)
  2 ancient liches (Crypt:3)
  2 royal mummies (Tomb:1)
  Bai Suzhen (Shoals:4)
  Xtahua (Depths:3)
  A golden dragon (Depths:3)
  A curse toe (Zot:2)
  A bone dragon (Depths:3)
  An electric golem (Zot:1)
  A tentacled monstrosity (Zot:2)
  4 liches
  A walking frostbound tome (Depths:3)
  3 quicksilver dragons
  11 acid blobs
  A deep elf blademaster (Elf:3)
  A deep elf master archer (Elf:3)
  A death cob (Zot:2)
  2 ancient champions
  3 sphinxes
  Kirke (Spider:2)
  3 tengu reavers
  4 storm dragons
  A rockslime (Slime:5)
  4 azure jellies (Slime:5)
  3 draconian monks
  2 fire giants
  4 shadow dragons
  2 frost giants (Depths:3)
  2 ghost moths
  2 emperor scorpions (Spider:4)
  6 vault wardens
  A juggernaut zombie (Crypt:3)
  3 draconian shifters
  4 draconian scorchers
  A broodmother (Spider:4)
  A caustic shrike zombie (Crypt:2)
  4 draconian annihilators
  A draconian stormcaller (Zot:2)
  4 stone giants
  6 ironbound preservers
  2 war gargoyles (Crypt:3)
  3 vampire knights
  13 very ugly things
  3 quicksilver oozes
  A ghoul (Crypt:1)
  2 bennus (Tomb:1)
  3 white draconians
  4 green draconians
  A deep elf annihilator (Elf:3)
  5 black draconians
  3 ironbound thunderhulks
  A deep elf demonologist (Elf:1)
  5 red draconians
  2 yellow draconians
  5 purple draconians
  A deep elf death mage (Elf:1)
  2 spark wasps
  Snorg (D:10)
  An eidolon (Crypt:3)
  A blizzard demon (Depths:3)
  4 ettins
  6 mummy priests (Tomb:1)
  3 fire dragons
  A merfolk impaler (Shoals:4)
  5 jiangshi
  A yaktaur captain (Vaults:4)
  A deep elf high priest (Depths:3)
  5 vault guards
  An entropy weaver (Vaults:4)
  4 ice dragons
  2 spriggan air magi (Depths:3)
  2 alligator snapping turtles (Shoals:4)
  3 great orbs of eyes
  7 centaur warriors
  A hell beast (Depths:2)
  A rakshasa (Depths:3)
  A fenstrider witch skeleton (Crypt:3)
  2 ironbound frosthearts
  2 radroaches
  3 merfolk avatars (Shoals:2)
  A jorogumo (Spider:4)
  2 merfolk aquamancers (Shoals:4)
  2 boulder beetles (Spider:3)
  4 two-headed ogres
  3 tengu warriors
  A satyr (Shoals:2)
  3 deep troll earth magi
  4 death scarabs (Tomb:1)
  3 death yaks
  2 hell hogs (Depths:3)
  2 vampire magi
  2 deep troll shamans (Depths:1)
  7 dancing weapons
  2 titan zombies
  4 deep elf knights (Elf:2)
  3 iron trolls
  2 soul eaters
  3 hell knights
  2 shadow wraiths (Depths:3)
  13 skeletal warriors
  5 sea snakes
  A storm dragon skeleton (Crypt:2)
  16 deep trolls
  3 pharaoh ants
  2 steelbarb worms
  A quicksilver dragon simulacrum (Depths:3)
  An orb spider (Spider:3)
  2 flayed ghosts
  7 ironbound convokers
  An anaconda skeleton (Crypt:3)
  2 orc knights
  6 phantasmal warriors
  2 harpies (Shoals:1)
  9 wolf spiders
  A bog body (Crypt:1)
  4 wizards
  A jorogumo zombie (Crypt:1)
  A goliath frog zombie (Crypt:1)
  12 deep elf pyromancers
  A necromancer (Lair:2)
  A lindwurm (Lair:5)
  3 fauns
  2 deep elf archers
  6 deep elf zephyrmancers
  36 slime creatures
  6 manticores
  17 ugly things
  A shadow dragon skeleton (Crypt:2)
  3 cyclopes
  6 elephants
  A frost giant zombie (Vaults:2)
  3 fire giant skeletons
  2 merfolk sirens
  7 vault sentinels
  6 moths of wrath
  2 black mambas (Lair:2)
  A water nymph (Shoals:4)
  An ice statue (Elf:3)
  A centaur skeleton (Crypt:1)
  A gargoyle (Crypt:3)
  A torpor snail (Lair:4)
  3 cane toads
  Maurice (D:12)
  2 smoke demons (Depths:2)
  A rime drake (Lair:2)
  A dire elephant skeleton (Tomb:1)
  5 yaktaurs
  2 komodo dragons
  A tengu conjurer (Depths:1)
  3 demonic crawlers
  2 ice devils
  2 freezing wraiths
  8 merfolk
  A queen bee (D:11)
  5 trolls
  A troll (shapeshifter) (Elf:3)
  A red devil (Depths:2)
  2 tyrant leeches (Spider:3)
  2 harpy skeletons
  3 tarantellas (Spider:4)
  A wind drake (Shoals:4)
  2 hornets
  5 snapping turtles
  A blink frog (Lair:5)
  5 dream sheep (Lair:4)
  A deep troll zombie (Vaults:2)
  6 jumping spiders
  A spriggan (Depths:1)
  6 culicivoras
  2 flying skulls
  An ettin skeleton (Vaults:2)
  4 fire dragon skeletons (Crypt:3)
  7 wraiths
  3 water elementals
  2 shadows (Crypt:3)
  2 ushabtiu (Tomb:1)
  6 vampires
  3 basilisks
  11 yaks
  Grum (D:9)
  A golden eye (Slime:1)
  2 vampire mosquitoes (D:12)
  A hog (Spider:2)
  16 redbacks
  A swamp worm (shapeshifter) (D:13)
  An acid dragon (D:9)
  4 water moccasins
  A floating eye (Depths:3)
  An ogre skeleton (Vaults:4)
  A sky beast (D:8)
  6 orc warriors
  A human zombie (Vaults:4)
  An ettin simulacrum (Depths:3)
  2 ogres (D:10)
  7 wolves
  A centaur (Shoals:2)
  3 bullfrogs
  An earth elemental (Elf:1)
  2 necrophages (Crypt:1)
  2 scorpions (Lair:3)
  A gnoll sergeant (D:9)
  A wight (Crypt:3)
  A shapeshifter skeleton (Crypt:1)
  8 killer bees
  An electric eel (Spider:2)
  A howler monkey (D:9)
  3 human simulacra
  4 orc priests
  2 jellies (Slime:1)
  5 orc wizards
  2 polar bear simulacra (Lair:2)
  2 yak simulacra (Lair:2)
  A boggart skeleton (D:14)
  2 mummies (Tomb:1)
  3 gnolls
  23 orcs
  A ball python (D:13)
  A hobgoblin skeleton (Crypt:1)
  A river rat simulacrum (Lair:2)
  A bush (D:13)
698 creatures vanquished.

Vanquished Creatures (others)
  A deep elf master archer (Elf:3)
  A deep elf elementalist (Elf:3)
  3 stone giants
  3 tengu warriors (Depths:3)
  A sun moth (Spider:3)
  An ironbound convoker (Vaults:1)
  A faun (Shoals:3)
  2 ettin simulacra (Depths:3)
  A centaur (Shoals:2)
  56 knights
  An orc wizard (Orc:2)
  3 ancestors
  8 fungi
  57 plants
  12 withered plants (Crypt:3)
151 creatures vanquished.

Grand Total: 2512 creatures vanquished

Notes
Turn   | Place    | Note
-------+----------+-------------------------------------------
     0 | D:1      | Lobster4 the Minotaur Hunter began the quest for the Orb.
     0 | D:1      | Reached XP level 1. HP: 18/18 MP: 0/0
    60 | D:1      | Reached skill level 1 in Stealth
   127 | D:1      | Reached XP level 2. HP: 25/25 MP: 1/1
   272 | D:1      | Reached skill level 1 in Armour
   641 | D:2      | Reached XP level 3. HP: 25/31 MP: 2/2
   674 | D:2      | Identified the +1 robe "Yneicw" {Str+4 Int-3 Archmagi}
   914 | D:2      | Found a runed translucent door.
   915 | D:2      | Noticed Crazy Yiuf
   952 | D:2      | Found a hide-covered altar of Uskayaw.
  1316 | D:2      | Reached XP level 4. HP: 38/38 MP: 3/3
  1838 | D:3      | Noticed a water moccasin
  2034 | D:3      | Found a glowing silver altar of Zin.
  2113 | D:3      | Reached skill level 5 in Ranged Weapons
  2342 | D:4      | Reached XP level 5. HP: 41/44 MP: 4/4
  2358 | D:4      | Noticed a centaur
  2557 | D:3      | Killed a water moccasin
  2558 | D:3      | Reached XP level 6. HP: 51/53 MP: 5/5
  3340 | D:4      | Reached skill level 5 in Fighting
  3340 | D:4      | Reached skill level 6 in Ranged Weapons
  3577 | D:4      | Reached skill level 5 in Armour
  3577 | D:4      | Reached XP level 7. HP: 54/61 MP: 6/6
  3629 | D:4      | Noticed Blork the orc
  4026 | D:4      | Killed Blork the orc
  4027 | D:4      | Reached skill level 7 in Ranged Weapons
  4091 | D:4      | Reached skill level 1 in Throwing
  4091 | D:4      | Reached skill level 1 in Evocations
  4162 | D:4      | Reached skill level 1 in Axes
  4225 | D:4      | Found an ancient bone altar of Kikubaaqudgha.
  4486 | D:5      | Entered Level 5 of the Dungeon
  4552 | D:5      | Found a shimmering altar of Xom.
  4580 | D:5      | Found a snail-covered altar of Cheibriados.
  4675 | D:5      | Reached XP level 8. HP: 47/68 MP: 7/7
  4892 | D:5      | Reached skill level 8 in Ranged Weapons
  4967 | D:5      | Found a stormy altar of Qazlal.
  5338 | D:5      | Reached skill level 9 in Ranged Weapons
  5634 | D:5      | Found an iron altar of Okawaru.
  5637 | D:5      | Found a shimmering blue altar of Sif Muna.
  5641 | D:5      | Found a blossoming altar of Fedhas.
  5644 | D:5      | Found a sacrificial altar of Ru.
  5879 | D:6      | Found a hazy altar of Hepliaklqana.
  5899 | D:6      | Became a worshipper of Hepliaklqana the Forgotten
  6648 | D:6      | Reached XP level 9. HP: 72/77 MP: 8/8
  7175 | D:7      | Reached skill level 10 in Ranged Weapons
  7205 | D:7      | Found a staircase to the Ecumenical Temple.
  7231 | D:7      | Reached skill level 1 in Long Blades
  7402 | D:7      | Reached * piety under Hepliaklqana
  7491 | D:7      | Found Iddicat's Magic Scroll Shoppe.
  7498 | D:7      | Bought a scroll of magic mapping for 90 gold pieces
  7498 | D:7      | Bought a scroll of fear for 48 gold pieces
  7498 | D:7      | Bought a scroll of identify for 24 gold pieces
  7498 | D:7      | Bought a scroll of identify for 24 gold pieces
  7727 | D:7      | Found Wuonor's Assorted Antiques.
  7734 | D:7      | Bought a scroll labelled VUHUHE RABREE for 19 gold pieces
  7954 | D:7      | Reached skill level 1 in Invocations
  8463 | D:8      | Found a sparkling altar of Nemelex Xobeh.
  8651 | D:8      | Reached skill level 11 in Ranged Weapons
  8657 | D:8      | Found a glowing silver altar of Zin.
  8988 | D:9      | Noticed Grum
  8989 | D:9      | Noticed a two-headed ogre
  8991 | D:9      | Noticed a two-headed ogre
  9043 | D:9      | Reached XP level 10. HP: 66/80 MP: 10/10
  9289 | D:9      | Killed a two-headed ogre
  9290 | D:9      | Reached skill level 5 in Long Blades
  9290 | D:9      | Killed Grum
  9407 | D:9      | Reached ** piety under Hepliaklqana
  9408 | D:9      | Remembered your ancestor Izel as a knight
  9428 | D:9      | Found a broken altar of Ashenzari.
  9744 | D:9      | Found a staircase to the Lair.
  9865 | D:9      | Reached skill level 10 in Fighting
  9871 | D:9      | Reached skill level 12 in Ranged Weapons
 10054 | D:9      | Found a transporter.
 10090 | D:9      | Found a transporter.
 10348 | D:9      | Found a transporter.
 10350 | D:9      | Found a transporter.
 10424 | D:10     | Entered Level 10 of the Dungeon
 10826 | D:9      | Reached XP level 11. HP: 79/89 MP: 12/12
 11050 | D:9      | Killed a two-headed ogre
 11126 | D:10     | Noticed Lodul
 11378 | D:10     | Found a staircase to the Orcish Mines.
 11405 | D:10     | Killed Lodul
 11522 | D:10     | Noticed Gastronok
 11534 | D:10     | Killed Gastronok
 11535 | D:10     | Reached skill level 5 in Axes
 11535 | D:10     | Reached skill level 13 in Ranged Weapons
 11584 | D:10     | You fall into a shaft and drop 2 floors!
 11697 | D:11     | Noticed a boulder beetle
 11714 | D:11     | Killed a boulder beetle
 11715 | D:11     | Reached skill level 10 in Armour
 11844 | D:11     | Killed Psyche
 11899 | D:11     | Reached skill level 14 in Ranged Weapons
 12098 | D:10     | Reached skill level 15 in Ranged Weapons
 12127 | D:10     | Noticed Josephine
 12133 | D:10     | Killed Josephine
 12140 | D:10     | Reached XP level 12. HP: 82/95 MP: 13/13
 12492 | D:10     | Noticed Snorg
 12500 | D:10     | Killed Snorg
 12601 | D:10     | Reached *** piety under Hepliaklqana
 12727 | D:11     | Noticed a two-headed ogre
 12879 | D:11     | Killed a two-headed ogre
 12880 | D:11     | Reached skill level 16 in Ranged Weapons
 13191 | D:11     | HP: 1/95 [something (5)]
 13584 | D:12     | Noticed Maurice
 13595 | D:12     | Killed Maurice
 13626 | D:12     | Noticed a boulder beetle
 13639 | D:12     | Killed a boulder beetle
 13910 | D:12     | Noticed a two-headed ogre
 14040 | D:12     | Reached skill level 17 in Ranged Weapons
 14308 | D:12     | Killed a two-headed ogre
 14434 | D:12     | Noticed a two-headed ogre
 14443 | D:12     | Killed a two-headed ogre
 14479 | D:12     | Reached skill level 18 in Ranged Weapons
 14620 | D:12     | Reached **** piety under Hepliaklqana
 14949 | Lair:1   | Entered Level 1 of the Lair of Beasts
 15683 | Lair:2   | Noticed Nergalle
 15688 | Lair:2   | Killed Nergalle
 15696 | Lair:2   | Reached XP level 13. HP: 101/101 MP: 14/14
 15767 | Lair:2   | Reached skill level 19 in Ranged Weapons
 15834 | Lair:2   | Reached ***** piety under Hepliaklqana
 16775 | Lair:3   | Found a staircase to the Shoals.
 16932 | Lair:3   | Reached skill level 20 in Ranged Weapons
 17018 | Lair:3   | Found a hole to the Spider Nest.
 17041 | Lair:3   | Noticed Sonja
 17045 | Lair:3   | Killed Sonja
 17691 | Lair:3   | Reached skill level 5 in Invocations
 17754 | Lair:4   | Found a staircase to the Slime Pits.
 17754 | Lair:4   | Found a viscous altar of Jiyva.
 18814 | Lair:5   | Entered Level 5 of the Lair of Beasts
 18913 | Lair:5   | Reached XP level 14. HP: 108/108 MP: 18/18
 19226 | Lair:5   | Reached skill level 21 in Ranged Weapons
 20029 | Lair:5   | Found the +7 Singing Sword {vorpal, sonic wave}
 20047 | Lair:5   | Identified the ring "Bitomai" {Fly Str+2}
 20269 | Lair:5   | Noticed Rupert
 20286 | Lair:5   | Paralysed by Rupert for 2 turns
 20288 | Lair:5   | Killed Rupert
 20601 | Orc:1    | Entered Level 1 of the Orcish Mines
 20748 | Orc:1    | Reached skill level 22 in Ranged Weapons
 21006 | Orc:1    | Paralysed by an orc sorcerer for 4 turns
 21361 | Orc:1    | Reached ****** piety under Hepliaklqana
 21386 | Orc:1    | Noticed an orc warlord
 21447 | Orc:1    | Killed an orc warlord
 21564 | Orc:2    | Entered Level 2 of the Orcish Mines
 21959 | Orc:2    | Learned a level 1 spell: Apportation
 22082 | Orc:2    | Found Fezes's Jewellery Shoppe.
 22186 | Orc:2    | Found Gutamm's Assorted Antiques.
 22256 | Orc:2    | Found a staircase to the Elven Halls.
 22391 | Orc:2    | Noticed an orc warlord
 22411 | Orc:2    | Killed an orc warlord
 22425 | Orc:2    | Reached skill level 1 in Translocations
 22525 | Orc:2    | Reached skill level 1 in Spellcasting
 22583 | Orc:2    | Found Pais's Antique Weapon Shop.
 22585 | Orc:2    | Found Woll's Antique Armour Boutique.
 22695 | Orc:2    | Bought the amulet of Lies {Reflect rF+ rN+++ SH+5} for 780
                  | gold pieces
 22760 | Orc:2    | Bought a masterwork shortbow for 264 gold pieces
 22760 | Orc:2    | Identified the +9 shortbow of the Immovable Deaths {freeze,
                  | rF+ Dex+4 Stlth-} (You bought it in a shop on level 2 of
                  | the Orcish Mines)
 22779 | Orc:2    | Bought a dazzling scale mail for 279 gold pieces
 22779 | Orc:2    | Identified the +0 scale mail of Ledal {Str+3} (You bought
                  | it in a shop on level 2 of the Orcish Mines)
 22783 | Orc:2    | Bought a steaming leather armour for 217 gold pieces
 22783 | Orc:2    | Identified the +1 leather armour of the End {+Inv rElec
                  | Regen+ Dex+2} (You bought it in a shop on level 2 of the
                  | Orcish Mines)
 22849 | Orc:2    | Bought a fading quarterstaff for 297 gold pieces
 22849 | Orc:2    | Identified the +6 quarterstaff of Qazlal's Envy {antimagic,
                  | rPois Will+ Dex+2} (You bought it in a shop on level 2 of
                  | the Orcish Mines)
 23291 | D:13     | Identified the +3 chain mail of Shielding {rN+ Str+3 Dex+4}
 24562 | D:14     | Reached XP level 15. HP: 115/115 MP: 19/19
 24765 | D:14     | Found Zin's Purification Station.
 24771 | D:14     | Found a glowing silver altar of Zin.
 24774 | D:14     | Bought a potion of curing for 90 gold pieces
 24940 | D:14     | Reached skill level 5 in Staves
 25142 | D:14     | Reached skill level 5 in Dodging
 25248 | D:14     | Found a gate to the Vaults.
 25500 | D:15     | Entered Level 15 of the Dungeon
 25743 | D:15     | Found a bloodstained altar of Trog.
 25761 | D:15     | Reached skill level 23 in Ranged Weapons
 25770 | D:15     | Identified the +7 war axe of Liseqetu {elec, rF- rN+++
                  | Int-2 SInv}
 26516 | D:15     | Found a staircase to the Depths.
 26714 | Orc:2    | Bought the ring of Iptil {rPois rCorr Dex+3 Slay-6 SInv}
                  | for 240 gold pieces
 26875 | Spider:1 | Entered Level 1 of the Spider Nest
 27495 | Spider:1 | Noticed an emperor scorpion
 27510 | Spider:1 | Killed an emperor scorpion
 27995 | Spider:2 | Reached skill level 10 in Staves
 28020 | Spider:2 | Gained mutation: You are agile. (Dex +4, Str/Int -1)
                  | [mutagenic glow]
 28108 | Spider:2 | Noticed Kirke
 28117 | Spider:2 | Killed Kirke
 28118 | Spider:2 | Reached XP level 16. HP: 123/123 MP: 21/21
 28660 | Spider:3 | Noticed Louise
 28672 | Spider:3 | Killed Louise
 29645 | Spider:3 | Reached skill level 5 in Evocations
 30108 | Spider:3 | Found the macabre finger necklace {rN+}
 30267 | Spider:4 | Entered Level 4 of the Spider Nest
 31287 | Spider:4 | Reached XP level 17. HP: 129/129 MP: 23/23
 31732 | Spider:4 | Got a gossamer rune of Zot
 31744 | Spider:4 | Identified the +2 pair of boots of Summertime {rF+ Will+}
 32016 | Elf:1    | Entered Level 1 of the Elven Halls
 32137 | Elf:1    | Noticed Jorgrun
 32149 | Elf:1    | Killed Jorgrun
 32169 | Elf:1    | Noticed a Tzitzimitl
 32172 | Elf:1    | Noticed an Ice Fiend
 32195 | Elf:1    | Noticed Nikola
 32853 | Elf:1    | Found Ugimen's Overcharged Wands.
 33008 | Elf:1    | Noticed Agnes
 33020 | Elf:1    | Killed Agnes
 33161 | Elf:1    | Killed Nikola
 33162 | Elf:1    | Reached skill level 10 in Long Blades
 33162 | Elf:1    | Reached skill level 10 in Invocations
 33426 | Elf:2    | Reached skill level 24 in Ranged Weapons
 33457 | Elf:2    | Reached skill level 10 in Dodging
 33916 | Elf:2    | Found a huge runed translucent gate.
 33916 | Elf:2    | Found a huge runed translucent gate.
 33918 | Elf:2    | Found a huge runed translucent gate.
 33918 | Elf:2    | Found a huge runed translucent gate.
 33919 | Elf:2    | Found a huge runed translucent gate.
 34032 | Elf:2    | Noticed a deep elf blademaster
 34080 | Elf:3    | Entered Level 3 of the Elven Halls
 34491 | Elf:3    | Found a gateway to a bazaar.
 34496 | Bazaar   | Entered a bazaar
 34496 | Bazaar   | Found Ryepe's Book Shoppe.
 34508 | Bazaar   | Found Fyat's Assorted Antiques.
 34518 | Bazaar   | Found Kopamo's Assorted Antiques.
 34553 | Bazaar   | Found Lizonn's Distillery.
 34585 | Bazaar   | Bought a polished hand axe for 216 gold pieces
 34585 | Bazaar   | Identified the +9 hand axe of Resumed Hostilities {vorpal,
                  | *Rage rC++ SInv Stlth-} (You bought it in a shop in a
                  | bazaar)
 34585 | Bazaar   | Bought a runed sling for 121 gold pieces
 34776 | Elf:3    | Noticed a deep elf blademaster
 34780 | Elf:3    | Noticed a deep elf master archer
 34814 | Elf:3    | Noticed a deep elf blademaster
 35045 | Vaults:1 | Entered Level 1 of the Vaults
 35575 | Vaults:1 | Reached XP level 18. HP: 108/135 MP: 24/24
 35633 | Vaults:1 | Identified the +2 chain mail of Midsummer {rF+ SInv}
 36924 | Vaults:2 | Noticed Donald
 36934 | Vaults:2 | Killed Donald
 37042 | Vaults:2 | Noticed Asterion
 37048 | Vaults:2 | Killed Asterion
 37329 | Vaults:2 | Reached skill level 25 in Ranged Weapons
 37851 | Vaults:2 | Found Tegeucegh's Jewellery Shoppe.
 37889 | Vaults:2 | Identified the +7 plate armour of Insatiable Hunger {rElec
                  | Str-2 Int+2}
 38253 | Vaults:2 | Found Ubarch's Jewellery Boutique.
 38324 | Vaults:2 | Found Siofif's Book Boutique.
 38799 | Vaults:3 | Reached skill level 15 in Long Blades
 38808 | Vaults:3 | Reached XP level 19. HP: 123/141 MP: 25/25
 39291 | Vaults:3 | Found a staircase to the Crypt.
 39485 | Vaults:3 | Reached skill level 26 in Ranged Weapons
 40967 | Vaults:4 | Noticed Margery
 40985 | Vaults:4 | Killed Margery
 41565 | Crypt:1  | Entered Level 1 of the Crypt
 41841 | Crypt:1  | Identified a scroll of acquirement
 41894 | Crypt:1  | Reached XP level 20. HP: 87/150 MP: 26/26
 42053 | Crypt:1  | Reached skill level 5 in Translocations
 42209 | Crypt:1  | Reached skill level 5 in Spellcasting
 42223 | Crypt:1  | Reached skill level 27 in Ranged Weapons
 42247 | Crypt:1  | Noticed Saint Roka
 42263 | Crypt:1  | Killed Saint Roka
 42435 | Crypt:1  | Identified the +7 morningstar "Xoadab" {drain, Will+ Int+2}
 43416 | Crypt:3  | Entered Level 3 of the Crypt
 43430 | Crypt:3  | Acquired a manual of Long Blades
 43432 | Crypt:3  | Acquired a manual of Air Magic
 43437 | Crypt:3  | Learned a level 3 spell: Swiftness
 43500 | Crypt:3  | Reached skill level 1 in Air Magic
 43762 | Crypt:3  | Identified the +3 leather armour of Omission {Will+}
 43839 | Crypt:3  | Identified the amulet "Anankebb" {Spirit Fly Int+3 Dex-4
                  | Slay+3}
 44225 | Crypt:3  | Identified the +6 lajatang of the Heavens {drain, Fragile
                  | rElec Str+4 Dex+6}
 44243 | Crypt:3  | Found a staircase to the Tomb.
 44243 | Crypt:3  | Noticed an ancient lich
 44249 | Crypt:3  | Killed an ancient lich
 44329 | Crypt:3  | Noticed Zenata
 44341 | Crypt:3  | Killed Zenata
 44640 | Crypt:3  | Found an ancient bone altar of Kikubaaqudgha.
 44640 | Crypt:3  | Noticed a dread lich
 44651 | Crypt:3  | Killed a dread lich
 44660 | Crypt:3  | Noticed a dread lich
 44676 | Crypt:3  | Killed a dread lich
 44710 | Crypt:3  | Identified the ring "Dank" {Fly rPois rN+ Str+2}
 44710 | Crypt:3  | Identified the ring of Rizyrar {rN+ rCorr}
 44738 | Crypt:3  | Noticed an ancient lich
 44751 | Crypt:3  | Killed an ancient lich
 44878 | Crypt:3  | Reached skill level 5 in Air Magic
 45062 | Crypt:3  | Reached XP level 21. HP: 161/161 MP: 28/28
 45380 | Crypt:3  | Got Qolois's Collected Works on Spellbinding
 45678 | Shoals:1 | Entered Level 1 of the Shoals
 45987 | Shoals:1 | Found Luexag's Antique Weapon Boutique.
 46012 | Shoals:1 | Noticed Mlioglotl
 46022 | Shoals:1 | Killed Mlioglotl
 48282 | Shoals:4 | Entered Level 4 of the Shoals
 48399 | Shoals:4 | Noticed Bai Suzhen
 48418 | Shoals:4 | Killed Bai Suzhen
 48654 | Shoals:4 | Found Igobuab's Magic Scroll Shoppe.
 48894 | Shoals:4 | Got a barnacled rune of Zot
 50240 | Elf:3    | Identified the +2 leather armour of Jiclia {rElec Str+10}
 50247 | Elf:3    | Reached XP level 22. HP: 171/171 MP: 30/30
 50301 | Elf:3    | Identified the +0 plate armour of Bedevilment {Rampage
                  | Will+ Slay-6 Stlth+}
 50374 | Elf:3    | Identified the +8 morningstar of Melee {elec, rF- Int+9}
 50379 | Elf:3    | Identified the +5 broad axe "Hian" {drain, rC+ rN+ Str-2}
 50386 | Elf:3    | Identified the +8 sling of Kafoter {drain, Contam rElec
                  | rPois}
 50394 | Elf:3    | Identified the +8 chain mail of Deosutuf {Regen+}
 50420 | Elf:3    | Identified the +6 glaive "Mesilah" {antimagic, rF+ Int+2
                  | Stlth+}
 51348 | Elf:2    | Learned a level 2 spell: Blink
 51352 | Elf:2    | Learned a level 3 spell: Teleport Other
 51800 | Depths:1 | Entered Level 1 of the Depths
 51800 | Depths:1 | Noticed the Enchantress
 51830 | Depths:1 | Killed the Enchantress
 51908 | Depths:1 | Identified the +1 ring mail "Haamax" {rPois rCorr Dex+2}
 51946 | Depths:1 | Noticed Aizul
 51955 | Depths:1 | Killed Aizul
 52012 | Depths:1 | Found a white marble altar of Elyvilon.
 52244 | Depths:1 | Found an ornate altar of the Wu Jian Council.
 52451 | Depths:1 | Reached skill level 15 in Fighting
 52562 | Depths:1 | Found a gateway to Hell.
 52893 | Depths:2 | Found a one-way gateway to a ziggurat.
 53321 | Depths:2 | Found a one-way gate leading to the halls of Pandemonium.
 53686 | Depths:2 | Reached skill level 10 in Evocations
 54217 | Depths:3 | Noticed Xtahua
 54225 | Depths:3 | Killed Xtahua
 54230 | Depths:3 | Reached XP level 23. HP: 169/180 MP: 33/33
 54291 | Depths:3 | Found an ancient bone altar of Kikubaaqudgha.
 54292 | Depths:3 | Paralysed by a floating eye for 2 turns
 54550 | Depths:3 | Found a hazy altar of Hepliaklqana.
 54554 | Depths:3 | Found a one-way gate to the infinite horrors of the Abyss.
 54621 | Depths:3 | Identified the +1 buckler of the New World {rElec rN+ Will-
                  | Dex+3}
 55294 | Depths:3 | Found a blossoming altar of Fedhas.
 55314 | Depths:3 | Identified the +9 dagger of Exquisite Death {flame, rC-
                  | Dex+4 Stlth+}
 55600 | Depths:3 | Identified the +1 robe of the Lion {Harm rPois Int+3}
 55614 | Depths:3 | Identified the +3 hand axe "Hydraslayer" {vorpal, Will+
                  | Str-3 Dex+2}
 55846 | Depths:3 | Identified the +1 ring mail "Toickafa" {rCorr Int+2 Slay+6}
 55901 | Depths:3 | Found a sacrificial altar of Ru.
 55922 | Depths:3 | Reached skill level 10 in Air Magic
 56296 | Depths:4 | Entered Level 4 of the Depths
 56344 | Depths:4 | Noticed Sojobo
 56898 | Depths:4 | Found a gate to the Realm of Zot.
 57102 | Depths:4 | Found a runed translucent door.
 57103 | Depths:4 | Noticed an ancient lich
 57105 | Depths:4 | Found a radiant altar of Vehumet.
 57190 | Depths:4 | Reached XP level 24. HP: 192/192 MP: 34/34
 57319 | Depths:4 | Paralysed by an air elemental for 1 turns
 57327 | Depths:4 | Killed Sojobo
 57761 | Depths:4 | Killed an ancient lich
 57775 | Depths:4 | Got the Codex of the Impact
 58232 | Tomb:1   | Entered Level 1 of the Tomb of the Ancients
 58901 | Tomb:1   | Noticed a royal mummy
 58908 | Tomb:1   | Killed a royal mummy
 58931 | Tomb:1   | Noticed a royal mummy
 58942 | Tomb:1   | Killed a royal mummy
 59095 | Tomb:1   | Identified the +4 ring mail of Juhuoh {Int+8 Dex+3 Stlth-}
 59979 | Slime:1  | Entered Level 1 of the Pits of Slime
 60004 | Slime:1  | Reached skill level 10 in Translocations
 60136 | Slime:1  | Found a viscous altar of Jiyva.
 60875 | Slime:2  | You are sucked into a shaft and drop 1 floor!
 62331 | Slime:5  | Entered Level 5 of the Pits of Slime
 62434 | Slime:5  | Reached skill level 10 in Spellcasting
 62877 | Slime:5  | Gained mutation: You are strong-willed. (Will+) [a shining
                  | eye]
 63185 | Slime:5  | Found a viscous altar of Jiyva.
 63186 | Slime:5  | Noticed the Royal Jelly
 63235 | Slime:5  | Killed the Royal Jelly
 63312 | Slime:5  | Found the +7 captain's cutlass {speed, disarm}
 63312 | Slime:5  | Found the +9 scales of the Dragon King {rPois rF+ rC+
                  | Will+}
 63312 | Slime:5  | Found the -2 hat of the Alchemist {rElec rPois rF+ rC+ rN+
                  | Will+ rMut rCorr}
 63315 | Slime:5  | Found the amulet of the Four Winds {rN+ Will+++ Clar}
 63439 | Slime:5  | Identified the +2 flail of Awkwardness {spect, Fragile
                  | rC+++ rN+ Int-4}
 63447 | Slime:5  | Identified the +2 scale mail "Kelipy" {-Tele rC+ rN+ MP+9
                  | Str+3}
 63482 | Slime:5  | Got a slimy rune of Zot
 63483 | Slime:5  | Identified the ring "Jiwkum" {*Corrode rElec EV+4 Dex+3}
 64859 | Zot:1    | Entered Level 1 of the Realm of Zot
 64898 | Zot:1    | Reached XP level 25. HP: 198/204 MP: 36/36
 65869 | Zot:1    | Learned a level 3 spell: Portal Projectile
 66513 | Zot:2    | Reached skill level 1 in Hexes
 68602 | Zot:2    | Noticed an orb of fire
 68611 | Zot:2    | HP: 6/207 [death cob (12)]
 68614 | Zot:2    | Mangled by a death cob

Illustrated notes

Levels and vault maps discovered:
D:1:      dpeg_arrival_windows_large_door, layout_rooms
D:2:      layout_basic, basic_altar, minmay_circle_x, uniq_crazy_yiuf_cottage
D:3:      layout_rooms, lemuel_tele_altar, columned_hall_lemuel
D:4:      layout_cave_pools, kiku_gazebo_pond_becter, uniq_blork_the_orc
D:5:      cheibrodos_helix_gallery, layout_loops_ring, minitemple,
          dk_xom_monty_hall, mainiacjoe_overflow_paths, grunt_qazlal_sundering,
          dk_rats_in_the_wall
D:6:      layout_loops_ring, lemuel_round_altar, hex_medium
D:7:      layout_loops_corners, minmay_temple_entry_crystal_x, serial_shops,
          nicolae_diamond_shop, shop
D:8:      hellmonk_destroyed_diamonds, layout_basic, hangedman_feature_mirror,
          nrook_uturn
D:9:      layout_loops_ring, nicolae_ashenzari_panopticon,
          hellmonk_lair_entry_icy, nicolae_diode_intersection, uniq_grum
D:10:     layout_cave_pools, orc_0_dummy, grunt_ministairs_12,
          chequers_serial_rivers_room_a, uniq_gastronok, uniq_josephine,
          uniq_snorg, uniq_lodul
D:11:     layout_roguey [special_room_bee], uniq_psyche
D:12:     layout_irregular_city, gauntlet_entry_generic,
          minmay_increasing_density, uniq_maurice
D:13:     layout_basic, minmay_misc_feat_chi, introduction_to_nature_2
D:14:     layout_cave_pods, hangedman_vaults_entry_quadrant_bands,
          dreamdust_princess_bridge, zin_purify
D:15:     grunt_enter_depths_snipers, layout_irregular_city, tgw_trog
Lair:1:   layout_hall_layers
Lair:2:   layout_chaotic_city, eino_house_with_fridge, grunt_megastairs_1,
          uniq_nergalle
Lair:3:   layout_roguey, elwin_shoals_entry_rocks,
          nicolae_spider_entry_non_spiders, uniq_sonja
Lair:4:   layout_hall_layers, slime_entry_1
Lair:5:   grunt_lair_end_beastmaster, layout_hall_layers, lemuel_fruit_tree,
          serial_bayou_shore_a, uniq_rupert
Shoals:1: layout_shoals, serial_shops, nicolae_shop_hallway_plus, uniq_mlioglotl
Shoals:2: layout_shoals, nicolae_shoals_shepherds
Shoals:3: layout_shoals, nicolae_shoals_isolated_beach
Shoals:4: shoals_end_simple, layout_shoals, serial_shops,
          nicolae_shop_waterfront, uniq_bai_suzhen
Spider:1: layout_cave_pods, nicolae_spider_eight_legs
Spider:2: nicolae_spider_jumping_over_cracks [nicolae_spider_jumping_sub_offset,
          nicolae_spider_jumping_sub_lanes, nicolae_spider_jumping_sub_stairs,
          nicolae_spider_jumping_sub_no_exit], uniq_kirke
Spider:3: layout_spider_delve, drop_trap, hangedman_stitches_earthworm,
          uniq_louise
Spider:4: grunt_spider_rune_parallel
Slime:1:  nicolae_slime_jelly_donut, layout_caves, basic_altar,
          cheibrodos_slime_lost_civilization_5
Slime:2:  layout_caves
Slime:3:  layout_caves
Slime:4:  layout_caves
Slime:5
Orc:1:    cheibrodos_orc_arena, layout_diamond_mine
Orc:2:    grunt_orc_community_town_hall, layout_diamond_mine,
          grunt_orc_community_big_house_2, grunt_orc_community_big_house_1,
          grunt_orc_community_house_1, grunt_orc_community_house_2,
          grunt_orc_community_house_2, grunt_orc_community_house_1,
          grunt_orc_community_house_2, basic_altar, mines4_lemuel
Elf:1:    nicolae_elf_arrival_fired_up, layout_geoelf_diagonals,
          minmay_elf_crystal_heptagon, nicolae_shop_overcharged_wands,
          uniq_nikola, uniq_agnes, uniq_jorgrun
Elf:2:    elven_hall_of_blades_hangedman_alternative [nicolae_blade_tridents],
          layout_rooms
Elf:3:    minmay_elf_hall, layout_gridlike, serial_shops, statue_bzr
Vaults:1: ontoclasm_vaults_misaligned, vaults_dpeg_emergency_exit,
          nicolae_vaults_what_the_h, nicolae_vaults_stairing_the_circle,
          v_misc_4, v_misc_4, st_lines, v_misc_4, v_rooms_1,
          ontoclasm_vaults_ring_small, ontoclasm_vaults_decontamination,
          ontoclasm_vaults_bender, v_alt_pattern_1, layout_vaults_omnibox
Vaults:2: special_room_vaults [special_room_orc], ontoclasm_vaults_spin,
          nicolae_vaults_little_squares_6, v_rooms_4, v_misc_33,
          nicolae_vaults_border_crossing, vaults_room_door_ring,
          hangedman_vaults_pinch, v_misc_33, ontoclasm_vaults_tryst,
          vaults_room_door_ring, layout_vaults_ring, serial_shops, shop,
          nicolae_shop_statue_plus, nicolae_shop_stone, uniq_donald,
          uniq_asterion
Vaults:3: vaults_room_pool, vaults_room_ringed_pool, ontoclasm_vaults_gallery,
          vaults_room_octagon, vaults_mumra_minichess, v_pattern_1,
          nicolae_vaults_little_ls, layout_vaults_quadrants
Vaults:4: mu_enter_wizlab_3, v_misc_12, v_alt_pattern_6,
          nicolae_vaults_three_branches, v_misc_27, ontoclasm_vaults_ligature,
          grunt_vaults_funnel, nicolae_vaults_rhombus_5, v_misc_27,
          layout_vaults_chaotic_city, uniq_margery
Crypt:1:  layout_rooms, fountainhead, minmay_misc_feat_five,
          grunt_crypt_arrival_webbed, uniq_saint_roka
Crypt:2:  layout_basic
Crypt:3:  quadcrypt_mu, uniq_zenata
Tomb:1
Depths:1: layout_gridlike, elyvilon_altar_5, hell_entry,
          nicolae_wu_jian_immortal_techniques, grunt_megastairs_2,
          uniq_enchantress, uniq_aizul
Depths:2: nicolae_hexawheel, layout_cave_pools, enter_ziggurat_e,
          grunt_pan_entry_zigzag, hell_entry, grunt_decor_resistance,
          kennysheep_inner_square
Depths:3: grunt_profane_halls [grunt_profane_temple_coc,
          grunt_profane_temple_tar, grunt_profane_temple_geh,
          grunt_profane_temple_dis, grunt_profane_loot], hell_entry, pan_entry,
          abyss_entry, uniq_xtahua
Depths:4: grunt_x_marks_the_spot, layout_cave_shapes, rand_demon_pan_entry_5,
          hell_entry, grunt_absolute_annihilation, uniq_sojobo
Zot:1:    layout_concentric_octagons, grunt_megastairs_3
Zot:2:    kennysheep_six_static_rooms, layout_misc_corridors

Skill      XL: |  1  2  3  4  5  6  7  8  9 10 11 12 13 14 15 16 17 18 19 20 21 22 23 24 25 |
---------------+----------------------------------------------------------------------------+-----
Stealth        | 1 4 |  4.7
Armour         | 1 2 3 5 8 10 11 12 13 14 | 14.5
Fighting       | 3 4 5 6 8 10 11 13 14 15 17 19 | 19.9
Dodging        | 3 4 7 9 10 11 13 | 13.0
Ranged Weapons | 5 6 7 9 11 12 15 18 20 22 23 24 25 26 27 | 27.0
Throwing       | 1 |  1.0
Evocations     | 2 3 5 6 7 8 10 11 | 11.0
Axes           | 2 4 5 6 8 |  8.0
Long Blades    | 4 5 7 9 11 15 16 17 18 20 22 23 24 | 24.5
Invocations    | 2 3 6 7 8 9 10 | 10.0
Staves         | 2 3 10 12 14 | 14.5
Translocations | 1 2 3 4 5 6 7 9 10 | 10.0
Spellcasting   | 1 2 3 4 5 6 7 8 10 | 10.0
Air Magic      | 5 7 9 10 11 12 | 12.0
Hexes          | 2 |  2.5

Action                   |  1- 3 |  4- 6 |  7- 9 | 10-12 | 13-15 | 16-18 | 19-21 | 22-24 | 25-27 || total
-------------------------+-------+-------+-------+-------+-------+-------+-------+-------+-------++-------
Melee: Spear             |       |    56 |    16 |       |       |       |       |       |       ||    72
       Headbutt          |       |     9 |    15 |     8 |    44 |    71 |    50 |    57 |    22 ||   276
       Punch             |       |     1 |       |       |       |     2 |     3 |     3 |     2 ||    11
       Battleaxe         |       |       |    44 |    47 |    78 |       |       |       |       ||   169
       Great sword       |       |       |     2 |     8 |       |       |       |       |       ||    10
       Halberd           |       |       |       |       |    14 |       |       |       |       ||    14
       Double sword      |       |       |       |       |    83 |   225 |   180 |   165 |    54 ||   707
       War axe           |       |       |       |       |       |       |     2 |     2 |     5 ||     9
 Fire: Shortbow          |   104 |   132 |   377 |   609 |  1260 |  1321 |  1616 |  1794 |   350 ||  7563
Throw: Dart              |       |       |       |       |       |       |     1 |       |       ||     1
 Cast: Blink             |       |       |       |       |       |       |       |     2 |     1 ||     3
       Swiftness         |       |       |       |       |       |       |       |     1 |     2 ||     3
       Apportation       |       |       |       |       |       |       |       |     1 |       ||     1
       Portal Projectile |       |       |       |       |       |       |       |       |    11 ||    11
Invok: Recall Ancestor   |       |       |       |     9 |     1 |     4 |       |     5 |     3 ||    22
       Ancestor Life: Kn |       |       |       |     1 |       |       |       |       |       ||     1
       Idealise          |       |       |       |       |       |       |     1 |     4 |       ||     5
Evoke: Wand              |       |     4 |       |     7 |     9 |    11 |     5 |     7 |       ||    43
       Condenser vane    |       |       |       |       |     2 |     2 |     2 |       |       ||     6
       Box of beasts     |       |       |       |       |       |       |     1 |     1 |       ||     2
       Tin of tremorston |       |       |       |       |       |       |     4 |       |       ||     4
       Lightning rod     |       |       |       |       |       |       |     3 |       |       ||     3
       Phantom mirror    |       |       |       |       |       |       |       |     1 |       ||     1
  Use: Scroll            |       |     7 |    11 |    10 |    13 |    18 |     5 |     8 |     8 ||    80
       Potion            |       |     2 |       |     2 |     4 |    11 |     4 |     5 |     2 ||    30
 Stab: Distracted        |       |       |       |     1 |     5 |     4 |     8 |     4 |     2 ||    24
       Sleeping          |       |       |       |       |       |     1 |       |     1 |       ||     2
Armor: Ring mail         |    28 |    63 |    96 |   118 |    95 |       |       |       |    45 ||   445
       Acid dragon scale |       |       |       |       |     1 |       |       |       |       ||     1
       Leather armour    |       |       |       |       |    67 |   186 |    78 |    81 |       ||   412
       Storm dragon scal |       |       |       |       |       |       |    21 |       |       ||    21
       Skin              |       |       |       |       |       |       |       |     1 |       ||     1
Dodge: Dodged            |    31 |   101 |   116 |   141 |   308 |   450 |   341 |   306 |   164 ||  1958
Block: Other             |       |       |       |       |    47 |   115 |    71 |    59 |    30 ||   322
       Reflection        |       |       |       |       |     8 |     8 |     7 |     5 |     4 ||    32

Table legend: (Time is in decaauts)
 A = Elapsed time spent in this place.
 B = Non-inter-level travel time spent in this place.
 C = Inter-level travel time spent in this place.
 D = Time resting spent in this place.
 E = Time spent auto-exploring this place.
 F = Levels seen in this place.
 G = Mean time per level.
                   A        B        C        D        E       F      G
               +--------+--------+--------+--------+--------+-----+--------+
         Total |  67080 |  59625 |   7455 |  12732 |  29115 |  53 | 1265.7 |
       Dungeon |  19911 |  17619 |   2292 |   4305 |   9586 |  15 | 1327.4 |
          Lair |   6061 |   5517 |    544 |    900 |   3566 |   5 | 1212.2 |
        Shoals |   3837 |   3613 |    224 |    194 |   2311 |   4 |  959.2 |
   Spider Nest |   4617 |   4256 |    361 |    883 |   1850 |   4 | 1154.2 |
    Slime Pits |   3776 |   3419 |    357 |    858 |   1393 |   5 |  755.2 |
  Orcish Mines |   2500 |   2038 |    462 |    306 |   1205 |   2 | 1250.0 |
   Elven Halls |   4358 |   3790 |    568 |    696 |   1344 |   3 | 1452.7 |
        Vaults |   6516 |   5726 |    790 |    830 |   3108 |   4 | 1629.0 |
         Crypt |   4499 |   3482 |   1017 |    412 |   1434 |   3 | 1499.7 |
          Tomb |   1428 |   1177 |    251 |    454 |    219 |   1 | 1428.0 |
        Depths |   5806 |   5443 |    363 |   1089 |   2143 |   4 | 1451.5 |
           Zot |   3655 |   3435 |    220 |   1801 |    900 |   2 | 1827.5 |
        Bazaar |    110 |    110 |      0 |      0 |     54 |   1 |  110.0 |
               +--------+--------+--------+--------+--------+-----+--------+

Top non-repeatable levels by time:
   Zot:1: 2965 daAuts
 Crypt:3: 2504 daAuts
     D:9: 1911 daAuts
Vaults:2: 1847 daAuts
Depths:3: 1799 daAuts
     D:3: 1741 daAuts
   Elf:3: 1731 daAuts
  Lair:5: 1672 daAuts
    D:13: 1668 daAuts
Vaults:4: 1584 daAuts
Vaults:3: 1565 daAuts
Spider:3: 1557 daAuts
    D:11: 1556 daAuts
Vaults:1: 1518 daAuts
Spider:4: 1513 daAuts
